Map: Ruins of Seras

Players

Bop - Winner!

  • Race: Terran Terran

Waffelz

  • Race: Protoss Protoss

VOD

Have the link to the VOD?

Description

Time

  • Played on: May 1, 2015, 3:57 a.m.
  • Length: 12:43
Show
View Real Time Build Order
Export as new Build Order

Bop Terran - Winner!

Build Orders: Reaper Expand, Ghosts, MMM Bio 

Get SALT Encoding   

  12  0:01  SCV  
  13  0:13  SCV  
  14  0:20  Supply Depot  
  14  0:25  SCV  
  15  0:42  SCV  
  16  0:44  Barracks  
  16  0:45  Refinery  
  16  0:54  SCV  
  17  1:06  SCV  
  18  1:18  SCV  
  19  1:31  Reaper, Orbital Command  
  20  1:43  Command Center  
  20  1:54  Supply Depot  
  20  1:59  SCV  
  21  2:03  Reaper  
  22  2:13  SCV  
  23  2:22  Barracks  
  23  2:23  Barracks  
  23  2:25  SCV  
  24  2:37  SCV  
  25  2:46  Barracks Tech Lab  
  25  2:47  Factory  
  25  2:50  SCV  
  27  2:58  Orbital Command  
  27  3:02  SCV  
  27  3:05  Refinery  
  27  3:14  SCV  
  27  3:16  Barracks Tech Lab  
  28  3:21  Barracks Reactor  
  28  3:26  SCV  
  29  3:27  Barracks Tech Lab  
  29  3:37  SCV  
  29  3:38  SCV  
  30  3:45  Command Center  
  30  3:49  SCV  
  30  3:50  SCV  
  30  3:55  Barracks Tech Lab, Cyclone  
  35  4:01  SCV  
  35  4:02  SCV  
  37  4:09  Marine x3  
  40  4:14  SCV  
  40  4:15  Marine  
  40  4:16  SCV  
  43  4:19  Stimpack  
  43  4:21  Engineering Bay  
  43  4:24  Supply Depot  
  43  4:25  Supply Depot  
  43  4:26  SCV  
  43  4:27  Combat Shields, Marine x2  
  46  4:45  SCV x2, Marine x4  
  52  4:53  Supply Depot  
  52  4:56  Supply Depot  
  52  4:57  SCV x2  
  52  4:58  Refinery  
  52  4:59  Refinery  
  54  5:03  Cyclone, Orbital Command, Marine  
  58  5:10  SCV x2  
  58  5:14  Marine x3  
  60  5:21  Marine  
  64  5:22  SCV x2  
  66  5:34  SCV  
  67  5:39  SCV  
  67  5:40  SCV  
  66  5:46  SCV  
  66  5:47  Orbital Command  
  66  5:49  Marine x4  
  74  5:52  SCV  
  73  5:58  SCV, Barracks  
  73  6:01  Terran Infantry Weapons Level 1, Engineering Bay  
  73  6:02  Factory Reactor  
  73  6:03  Armory  
  73  6:04  SCV, Barracks  
  74  6:06  Marine  
  74  6:07  Marine x2  
  74  6:08  Marauder  
  79  6:13  SCV  
  79  6:15  SCV  
  79  6:16  SCV, Starport  
  82  6:24  Marine  
  82  6:25  Marauder, Marine  
  86  6:26  SCV  
  86  6:27  SCV  
  86  6:29  Concussive Shells  
  88  6:37  Terran Infantry Armor Level 1  
  88  6:42  Marine x2  
  86  6:48  Marauder x3  
  86  6:53  SCV, Widow Mine x2  
  86  6:54  Supply Depot x2  
  97  6:55  Command Center  
  97  6:57  Barracks Reactor  
  97  7:02  Barracks x2  
  97  7:03  Medivac  
  96  7:09  Marauder  
  98  7:17  Marauder, Marine x2  
  98  7:18  Marauder  
  98  7:21  Widow Mine x2  
  91  7:28  SCV x2  
  91  7:30  Marine  
  91  7:33  Medivac  
  91  7:35  Marine x2  
  96  7:39  Marine x2, Marauder x2  
  102  7:48  Marine  
  102  7:50  Barracks Reactor, Widow Mine x2  
  105  7:51  SCV x3, Barracks Tech Lab  
  105  7:53  Refinery, Marine  
  105  7:55  Refinery  
  109  7:59  Supply Depot  
  109  8:00  Marauder x2  
  109  8:03  Terran Infantry Weapons Level 2  
  113  8:06  Marauder  
  113  8:07  Marine  
  113  8:08  Marine x2  
  113  8:10  Marine  
  119  8:18  Marauder, Widow Mine  
  123  8:21  Marauder, Orbital Command  
  123  8:22  Marauder  
  127  8:27  Marine x3  
  127  8:28  Marauder  
  131  8:40  Marauder  
  131  8:41  Widow Mine, Marine x3  
  133  8:42  Medivac  
  133  8:43  SCV x3, Marauder x2  
  133  8:45  Marine  
  148  8:55  Marine  
  148  8:58  Orbital Command  
  148  9:01  Widow Mine  
  148  9:10  Terran Infantry Armor Level 2  
  148  9:11  Marine x2, Widow Mine  
  148  9:12  Supply Depot, Marauder x2  
  148  9:13  Supply Depot  
  148  9:14  Supply Depot  
  156  9:21  Marine  
  156  9:22  Marine  
  156  9:27  Ghost Academy  
  156  9:33  Medivac, Marine x2  
  156  9:34  Marauder x2  
  156  9:35  Marauder, Marine  
  156  9:36  Marauder, Marine  
  156  9:37  Command Center  
  170  9:39  Marine  
  170  9:40  Marine  
  166  9:46  Widow Mine  
  166  9:47  Widow Mine  
  166  9:51  Marine x2  
  172  9:53  Starport, Marine  
  172  9:55  Marauder  
  172  9:56  Marine  
  172  9:57  Marauder x2  
  180  10:05  Marine  
  169  10:15  Widow Mine, Marine x4  
  169  10:16  Marauder, Widow Mine  
  169  10:17  Medivac  
  169  10:20  Personal Cloaking  
  169  10:21  Marauder  
  179  10:23  Marauder  
  179  10:24  Marauder  
  182  10:28  Factory  
  182  10:35  Marine x6  
  173  10:37  Marine  
  173  10:41  Marine  
  178  10:43  Marine  
  178  10:44  Widow Mine x2  
  178  10:45  Marine  
  171  10:51  Medivac x2  
  171  10:53  Marine x3  
  171  10:55  Orbital Command  
  171  10:56  Marauder  
  171  11:00  Marauder  
  170  11:07  Marine  
  170  11:08  Marine x2, Marauder x2  
  170  11:11  Marine x3  
  175  11:17  Widow Mine x2  
  158  11:21  Medivac x2  
  158  11:24  Factory Tech Lab  
  148  11:27  Marine  
  148  11:28  Marauder x2, Marine  
  148  11:29  Refinery  
  148  11:30  Refinery  
  144  11:40  Marauder x2, Marine x4  
  144  11:45  Marine  
  144  11:46  Widow Mine, Marine  
  156  11:49  Marauder x2  
  156  11:51  Medivac x2  
  162  11:57  Widow Mine x2  
  162  11:58  Marine x3  
  162  11:59  Orbital Command  
  165  12:01  Marauder  
  165  12:02  Marauder  
  165  12:03  Marine  
  170  12:11  Marauder x2  
Show
View Real Time Build Order
Export as new Build Order

Waffelz Protoss 

Build Orders: Blink Stalkers 

Get SALT Encoding   

  12  0:01  Probe  
  13  0:13  Pylon  
  13  0:17  Probe  
  14  0:31  Probe (Chrono Boost)  
  14  0:34  Gateway  
  15  0:43  Probe (Chrono Boost)  
  15  0:46  Assimilator  
  16  0:52  Probe (Chrono Boost)  
  17  1:00  Probe  
  17  1:01  Pylon  
  18  1:12  Probe  
  19  1:21  Cybernetics Core  
  19  1:24  Probe (Chrono Boost)  
  20  1:36  Probe (Chrono Boost)  
  21  1:45  Probe (Chrono Boost)  
  22  1:54  Nexus  
  22  1:57  Probe (Chrono Boost)  
  25  2:10  Mothership Core (Chrono Boost)  
  25  2:14  Stalker  
  26  2:17  Assimilator  
  26  2:22  Warp Gate (Chrono Boost)  
  26  2:30  Gateway  
  26  2:32  Probe  
  27  2:44  Probe  
  28  2:56  Probe  
  28  2:57  Robotics Facility  
  29  3:06  Probe  
  29  3:08  Probe  
  31  3:13  Twilight Council  
  31  3:15  Probe  
  32  3:20  Probe  
  32  3:23  Probe  
  34  3:32  Probe  
  34  3:36  Probe  
  35  3:44  Probe, Observer (Chrono Boost)  
  37  3:48  Probe, Assimilator  
  37  3:50  Assimilator  
  37  3:51  Pylon  
  37  3:52  Blink (Chrono Boost)  
  38  3:56  Probe  
  38  4:00  Probe  
  40  4:08  Probe  
  41  4:12  Probe  
  42  4:21  Probe  
  42  4:23  Gateway  
  43  4:25  Probe  
  43  4:26  Pylon  
  43  4:27  Forge  
  43  4:28  Stalker  
  46  4:38  Probe, Observer  
  47  4:39  Probe  
  49  4:50  Probe  
  49  4:52  Probe  
  51  4:53  Nexus  
  51  4:59  Observer  
  51  5:03  Probe, Protoss Ground Armor Level 1 (Chrono Boost)  
  51  5:04  Probe  
  54  5:09  Templar Archives  
  54  5:15  Sentry x2, Probe  
  54  5:16  Probe  
  60  5:37  Probe  
  60  5:45  Psionic Storm  
  60  5:50  Pylon  
  60  5:51  Pylon  
  60  5:52  Pylon  
  60  6:05  Gateway, Observer, Probe x2 (Chrono Boost)  
  60  6:08  Gateway  
  60  6:10  Gateway  
  63  6:12  Stalker x2, Gateway  
  63  6:14  Stalker, Pylon  
  63  6:16  Probe (Chrono Boost)  
  71  6:23  Probe (Chrono Boost)  
  71  6:28  Probe (Chrono Boost), Assimilator  
  71  6:29  Probe (Chrono Boost), Assimilator  
  71  6:30  Probe (Chrono Boost)  
  74  6:40  High Templar x3  
  74  6:41  Pylon  
  78  6:49  Probe x2  
  78  6:53  Probe  
  79  7:22  Zealot x2  
  77  7:23  Stalker  
  77  7:24  Stalker x2  
  83  7:32  Mothership Core (Chrono Boost)  
  83  7:34  Probe x2 (Chrono Boost)  
  87  7:44  Probe x2 (Chrono Boost)  
  87  7:50  Zealot x4  
  87  7:51  Zealot x3  
  99  7:52  Probe  
  99  7:53  Immortal (Chrono Boost)  
  99  7:54  Probe, Protoss Ground Armor Level 2 (Chrono Boost)  
  99  7:58  Pylon  
  107  8:00  Gateway  
  107  8:02  Gateway  
  107  8:03  Charge (Chrono Boost)  
  107  8:04  Gateway  
  107  8:07  Gateway  
  107  8:13  High Templar x3  
  107  8:18  Archon  
  107  8:19  Pylon  
  113  8:24  Zealot x4  
  119  8:36  Nexus  
  119  8:37  Observer (Chrono Boost)  
  119  8:40  Pylon  
  120  8:42  Pylon  
  120  8:46  Zealot x5, Assimilator  
  130  9:06  Photon Cannon  
  124  9:12  Stalker x2  
  124  9:13  Stalker x2  
  126  9:24  Zealot x3  
  126  9:25  Zealot x2  
  126  9:30  Probe x2  
  136  9:39  Probe  
  136  9:42  Probe, Zealot x4  
  146  9:45  Pylon  
  146  9:47  Pylon  
  142  9:56  Forge  
  142  9:58  Pylon  
  142  9:59  Pylon  
  142  10:01  Stalker  
  142  10:02  Stalker x2  
  146  10:27  Zealot x6  
  156  10:32  Nexus  
  156  10:33  Observer (Chrono Boost)  
  151  10:37  Protoss Ground Weapons Level 1 (Chrono Boost)  
  138  10:46  High Templar x5  
  138  10:47  High Templar  
  138  10:48  Observer (Chrono Boost)  
  147  10:50  Archon x2  
  147  10:51  Archon  
  146  11:03  Zealot x2  
  146  11:04  Zealot x2  
  135  11:06  Zealot  
  135  11:08  Observer  
  125  11:27  Nexus  
  123  11:35  Warp Prism (Chrono Boost)  
  123  11:38  High Templar x3  
  131  11:42  Archon  
  117  12:15  High Templar  
  117  12:16  High Templar x2  
  121  12:29  Zealot x2  
  87  12:30  Zealot x2  
Tags
 
Add a new tag
Caveats
  • Supply blocks, unpowered buildings, or Contaminate may cause inaccurate times.
  • Supply counts are checked every 10 seconds.